 Dungeon Crawl Stone Soup version 0.21.1-1-g345015fe64 (webtiles) character file.

18809 Jens78 the Cleaver (level 12, -4/96 HPs)
             Began as a Deep Dwarf Fighter on June 13, 2018.
             Was a High Priest of Makhleb.
             Slain by a two-headed ogre
             ... wielding a +0 giant club
              (9 damage)
             ... on level 12 of the Dungeon on June 14, 2018.
             The game lasted 02:12:44 (10678 turns).

Jens78 the Cleaver (Deep Dwarf Fighter)            Turns: 10678, Time: 02:12:52

Health: -4/96      AC: 14    Str: 24    XL:     12   Next: 31%
Magic:  7/11       EV: 10    Int:  9    God:    Makhleb [*****.]
Gold:   501        SH:  0    Dex: 20    Spells: 12/13 levels left

rFire    . . .     SeeInvis .   I - +2 battleaxe (elec)
rCold    . . .     Gourm    +   (shield currently unavailable)
rNeg     . . .     Faith    .   Q - +1 ring mail {MR+}
rPois    +         Spirit   .   L - +0 helmet
rElec    .         Reflect  .   (no cloak)
rCorr    .         Harm     .   j - +2 pair of gloves {Str+3}
MR       +++..                  (no boots)
Stlth    +.........             t - amulet of the gourmand
HPRegen  0.00/turn              u - ring of the Vendetta {Wiz rPois Str-4 Dex+8}
MPRegen  0.12/turn              O - ring of protection from magic

@: non-regenerating
A: damage resistance, heal wounds, sense surroundings 2, no regeneration
a: Heal Wounds, Minor Destruction, Lesser Servant of Makhleb, Major Destruction,
Greater Servant of Makhleb, Renounce Religion


You were on level 12 of the Dungeon.
You worshipped Makhleb.
Makhleb was extremely pleased with you.
You were completely stuffed.

You visited 2 branches of the dungeon, and saw 13 of its levels.

You collected 867 gold pieces.
You spent 366 gold pieces at shops.

Inventory:

Hand Weapons
 a - a +1 dagger of venom
 G - a +0 dire flail of venom
 I - a +2 battleaxe of electrocution (weapon)
 P - a +4 hand axe
Missiles
 r - 3 throwing nets (quivered)
Armour
 c - a +0 shield
 j - a +2 pair of gloves of strength (worn)
 L - a +0 helmet (worn)
 Q - a +1 ring mail of magic resistance (worn)
 X - a +2 scale mail of fire resistance
Jewellery
 o - an uncursed ring of flight
 t - an amulet of the gourmand (around neck)
 u - the ring of the Vendetta (left hand) {Wiz rPois Str-4 Dex+8}
   (You found it on level 4 of the Dungeon)

   [ring of wizardry]

   It improves your spell success rate.
   It affects your strength (-4).
   It affects your dexterity (+8).
   It protects you from poison.
 C - an uncursed ring of ice
 O - a ring of protection from magic (right hand)
 T - an uncursed ring of fire
Wands
 q - a wand of iceblast (2)
 N - a wand of digging (8)
 U - a wand of paralysis (12)
Scrolls
 g - 4 scrolls of remove curse
 h - a scroll of fog
 l - 3 scrolls of identify
 m - 3 scrolls of enchant armour
 s - 2 scrolls of amnesia
 F - 2 scrolls of teleportation
 J - a scroll of enchant weapon
 K - a scroll of magic mapping
 M - a scroll of blinking
Potions
 d - a potion of might
 i - 3 potions of curing
 k - a potion of magic {unknown}
 n - 3 potions of haste
 v - a potion of heal wounds {unknown}
 w - 2 potions of ambrosia
 x - 2 potions of brilliance
 z - a potion of invisibility {unknown}
 B - 4 potions of agility
 D - 2 potions of flight
 H - a potion of berserk rage {unknown}
 W - a potion of degeneration {unknown}
Books
 b - a book of Callings

   Spells                             Type                      Level
   a - Summon Small Mammal            Summoning                    1
   b - Call Imp                       Summoning                    2
   c - Call Canine Familiar           Summoning                    3
   d - Summon Guardian Golem          Hexes/Summoning              3
   e - Summon Lightning Spire         Summoning/Air                4
   f - Summon Ice Beast               Ice/Summoning                4
 y - Sif Muna's Papyrus of Execration
   (You found it on level 4 of the Dungeon)

   Spells                             Type                      Level
   a - Corona                         Hexes                        1
Miscellaneous
 Y - a box of beasts
 Z - a crystal ball of energy
Comestibles
 f - 20 rations
 A - 41 chunks of flesh


   Skills:
 - Level 2.6 Fighting
 - Level 0.7 Short Blades
 + Level 13.3(14.2) Axes
 - Level 8.1(11.3) Maces & Flails
 * Level 13.2 Armour
 - Level 6.0 Shields
 - Level 1.0 Spellcasting
 - Level 2.0 Hexes
 * Level 3.0 Invocations
 + Level 4.9 Evocations


You had 12 spell levels left.
You knew the following spells:

 Your Spells              Type           Power        Failure   Level  Hunger
a - Corona                Hex            #......      9%          1    ##.....


Dungeon Overview and Level Annotations

Branches:
Dungeon (12/15)            Temple (1/1) D:4            Lair (0/6) D:10
    Orc (0/2) D:12

Altars:
Ashenzari
Cheibriados
Dithmenos
Elyvilon
Fedhas
Gozag
Hepliaklqana
Kikubaaqudgha
Makhleb
Nemelex Xobeh
Okawaru
Qazlal
Ru
Sif Muna
Trog
Uskayaw
Vehumet
Wu Jian
Xom
Yredelemnul
Zin
The Shining One

Shops:
D:6 (   D:7 [[**[

Portals:
Trove: D:10 (give +4 ice dragon scales)

Annotations:
D:11 Nergalle


Innate Abilities, Weirdness & Mutations

You are resistant to damage.
You can heal yourself by infusing magical energy.
You passively map the area around you.
You do not regenerate.


Message History

The two-headed ogre barely misses you.
Your bullfrog zombie barely misses the two-headed ogre.
You feel much better.
Your bullfrog zombie closely misses the two-headed ogre.
An orc wizard comes into view. It is wielding a dagger.
You feel much better.
The two-headed ogre hits you with a giant club!
The two-headed ogre hits you with a giant spiked club!
* * * LOW HITPOINT WARNING * * *
Your bullfrog zombie hits the two-headed ogre.
The orc wizard gestures wildly while chanting.
The orc wizard blinks!
You slash the two-headed ogre!
Lightning courses through the two-headed ogre!
The two-headed ogre is almost dead.
Your bullfrog zombie barely misses the two-headed ogre.
The two-headed ogre hits you with a giant club!!
* * * LOW HITPOINT WARNING * * *
The two-headed ogre hits you with a giant spiked club!
You die...

*****,,,,,,,* *,,,*########.##
,,,**,*,,,,,* *,,,*#..........
>,,**,*,,*##*** *#####.##.#.#.[.
,,,**,*,,*#...#####...#..........
,,,,,,*,,,'.8.......8[[))........
,,,**,,,,,*,..#####.[)#)).......>
,,,**,*,,,***#'###'#.##.####.#...
,,,**,*,,,* *#OZ.##.##......##..
*****,**,,* #.@.##.##########.#
*,**,,* *#...##.# #.#
*,,,,,***#'###'#.#* #..
*,,,,,*,..#***#...*** *,≈
*******,,,#.8.,,,,,.8.',* *,,
,,,,***,,>'..,*****,..#,* *,≈
***,,,,,,.##,*******'##,* *,,
*****,,,,*,*,,,,,,,.,,* **,
*,,,,,,,,,,,,,,,,** **


You could see a two-headed ogre and a friendly bullfrog zombie.

Vanquished Creatures
  Josephine (D:11)
  Fannar (D:11)
  A centaur warrior (D:10)
  2 two-headed ogres (D:9)
  The ghost of Greboboi the Cleaver, a novice TrBe of Trog (D:8)
  The ghost of tim133133 the Cleaver, a novice DDFi (D:6)
  A skeletal warrior (D:10)
  2 ugly things
  2 cyclopes (D:10)
  A gargoyle (D:10)
  A centaur skeleton (D:10)
  An efreet (D:10)
  2 trolls (D:10)
  2 hornets (D:8)
  3 hippogriffs
  5 wraiths
  The ghost of Ursun the Gusty, an amateur TeAE (D:4)
  12 yaks
  A wyvern (D:9)
  A hungry ghost (D:7)
  Edmund (D:5)
  Menkaure (D:5)
  A soldier ant (D:8)
  2 hell hounds (D:10)
  2 ice beasts
  2 sky beasts
  2 black bears
  A necrophage (D:12)
  7 orc warriors
  A hornet zombie (D:5)
  3 ogres
  2 phantoms
  10 centaurs
  2 crocodiles (D:10)
  2 big kobolds
  6 bullfrogs
  Blork the orc (D:5)
  2 gnoll sergeants
  A water moccasin zombie (D:5)
  A wyvern zombie (D:10)
  2 scorpions
  8 killer bees
  4 wights
  3 howler monkeys (D:12)
  5 crimson imps
  4 bullfrog zombies
  2 quasits
  2 orc priests
  5 hounds
  5 jellies
  20 orc wizards
  6 bullfrog skeletons
  5 iguanas
  13 worker ants
  A killer bee zombie (D:5)
  A hound zombie (D:8)
  15 gnolls
  A howler monkey skeleton (D:10)
  13 adders
  3 shadow imps
  An ooze (D:2)
  An adder zombie (D:9)
  5 adder skeletons
  A worm (D:3)
  5 dart slugs
  9 leopard geckos
  44 orcs
  A ball python (D:7)
  4 giant cockroaches
  8 hobgoblins
  2 jackals
  8 quokkas
  8 bats
  4 frilled lizards
  7 goblins
  15 kobolds
  A quokka zombie (D:5)
  7 rats
341 creatures vanquished.

Notes
Turn   | Place    | Note
-------+----------+-------------------------------------------
     0 | D:1      | Jens78 the Deep Dwarf Fighter began the quest for the Orb.
     0 | D:1      | Reached XP level 1. HP: 20/20 MP: 1/1
   123 | D:1      | Reached XP level 2. HP: 24/27 MP: 2/2
   422 | D:3      | Reached XP level 3. HP: 26/33 MP: 3/3
  1107 | D:2      | Found a shimmering altar of Xom.
  1612 | D:2      | Found a burning altar of Makhleb.
  1617 | D:2      | Became a worshipper of Makhleb the Destroyer
  1621 | D:2      | Reached XP level 4. HP: 20/40 MP: 4/4
  1629 | D:2      | Found an iron altar of Okawaru.
  1630 | D:2      | Found a snail-covered altar of Cheibriados.
  1986 | D:3      | Found a hazy altar of Hepliaklqana.
  2168 | D:4      | Reached XP level 5. HP: 30/46 MP: 5/5
  2201 | D:5      | Entered Level 5 of the Dungeon
  2201 | D:5      | Noticed Edmund
  2233 | D:3      | Noticed a phantom
  2344 | D:3      | Noticed a centaur
  2353 | D:3      | Killed a centaur
  2353 | D:3      | Reached skill level 5 in Axes
  2428 | D:3      | Reached XP level 6. HP: 42/55 MP: 6/6
  2579 | D:4      | Noticed Ursun's ghost (amateur TeAE)
  2580 | D:4      | Reached * piety under Makhleb
  2588 | D:4      | Found a staircase to the Ecumenical Temple.
  2737 | D:4      | Got a pitted ivory ring
  2825 | Temple   | Entered the Ecumenical Temple
  3008 | D:3      | Identified the ring of the Vendetta {Wiz rPois Str-4 Dex+8} (You found it on level 4 of the Dungeon)
  3077 | D:4      | Found a bloodstained altar of Trog.
  3082 | D:4      | Found a deep blue altar of Sif Muna.
  3125 | D:4      | Identified Sif Muna's Papyrus of Execration
  3130 | D:4      | Reached XP level 7. HP: 25/61 MP: 7/7
  3288 | D:6      | Found a sand-covered staircase.
  3349 | D:6      | Reached skill level 5 in Armour
  3394 | D:6      | Reached skill level 5 in Shields
  3418 | D:5      | Reached XP level 8. HP: 32/68 MP: 8/8
  3483 | D:5      | Killed Edmund
  3543 | D:5      | Reached skill level 10 in Axes
  3635 | D:5      | Reached ** piety under Makhleb
  3706 | D:5      | Noticed Menkaure
  3716 | D:5      | Killed Menkaure
  3716 | D:5      | Reached skill level 1 in Maces & Flails
  3797 | D:5      | Noticed Blork the orc
  3810 | D:5      | Killed Blork the orc
  3852 | D:5      | Gained mutation: You passively map the area around you. [Deep Dwarf growth]
  3852 | D:5      | Reached XP level 9. HP: 36/74 MP: 9/9
  4143 | D:5      | Found a sacrificial altar of Ru.
  4152 | D:5      | Found Egakuy's Assorted Antiques.
  4644 | D:4      | Found an iron altar of Okawaru.
  4965 | D:3      | Reached skill level 5 in Maces & Flails
  5104 | D:6      | Noticed tim133133's ghost (novice DDFi)
  5114 | D:7      | Found Vaugisid's Assorted Antiques.
  5144 | D:7      | Found Kemirgh's Antique Armour Emporium.
  5592 | D:6      | Found Suroebam's Antique Weapon Shop.
  5603 | D:6      | Bought a glowing battleaxe for 228 gold pieces
  5733 | D:4      | Killed Ursun's ghost
  5961 | D:7      | Reached *** piety under Makhleb
  6119 | D:7      | Found Beavvol's Armour Shop.
  6495 | D:7      | Found Tewkas's Antique Armour Emporium.
  6674 | D:7      | Found Bithrock's General Store.
  6676 | D:7      | Bought a potion of agility for 48 gold pieces
  6676 | D:7      | Bought a scroll of enchant armour for 90 gold pieces
  7083 | D:8      | Noticed Greboboi's ghost (novice TrBe)
  7093 | D:9      | Reached XP level 10. HP: 72/81 MP: 9/9
  7096 | D:9      | Learned a level 1 spell: Corona
  7158 | D:9      | Noticed a two-headed ogre
  7164 | D:9      | Killed a two-headed ogre
  7164 | D:9      | Reached skill level 1 in Hexes
  7179 | D:10     | Entered Level 10 of the Dungeon
  7316 | D:9      | Reached **** piety under Makhleb
  7416 | D:7      | Found a shimmering altar of Xom.
  7691 | D:8      | Noticed a smoke demon
  7691 | D:8      | Paralysed by a hornet for 3 turns
  7696 | D:8      | Reached skill level 10 in Armour
  8002 | D:8      | Killed Greboboi's ghost
  8126 | D:6      | Killed tim133133's ghost
  8383 | D:9      | Found an opulent altar of Gozag.
  8535 | D:9      | Noticed a two-headed ogre
  8546 | D:9      | Killed a two-headed ogre
  8546 | D:9      | Reached skill level 1 in Spellcasting
  8546 | D:9      | Reached XP level 11. HP: 49/88 MP: 3/9
  8607 | D:9      | Reached skill level 1 in Evocations
  8734 | D:10     | Found a staircase to the Lair.
  9002 | D:10     | Noticed a centaur warrior
  9016 | D:10     | Killed a centaur warrior
  9037 | D:10     | Reached ***** piety under Makhleb
  9140 | D:10     | Found a portal to a secret trove of treasure.
  9181 | D:10     | Noticed a skeletal warrior
  9192 | D:10     | Killed a skeletal warrior
  9199 | D:11     | Noticed a white ugly thing
  9213 | D:11     | Killed a white ugly thing
  9792 | D:12     | Noticed a cyan ugly thing
  9812 | D:12     | Killed a cyan ugly thing
  9880 | D:11     | Noticed Fannar
  9892 | D:10     | Learned a level 1 spell: Corona
 10010 | D:11     | Noticed Nergalle
 10190 | D:11     | Noticed Josephine
 10198 | D:11     | Reached XP level 12. HP: 44/96 MP: 12/12
 10201 | D:11     | Killed Josephine
 10201 | D:11     | Reached skill level 1 in Invocations
 10216 | D:11     | Killed Fannar
 10501 | D:12     | Found a staircase to the Orcish Mines.
 10669 | D:12     | Noticed a two-headed ogre
 10678 | D:12     | Slain by a two-headed ogre

Skill      XL: |  1  2  3  4  5  6  7  8  9 10 11 12 |
---------------+-------------------------------------+-----
Axes           | 3 4 5 6 8 10 12 13 | 13.3
Shields        | 4 5 6 |  6.0
Armour         | 4 5 6 7 11 13 | 13.2
Maces & Flails | 2 7 8 |  8.1
Hexes          | 2 |  2.0
Spellcasting   | 1 |  1.0
Evocations     | 4 |  4.9
Invocations    | 3 |  3.0
Fighting       | |  2.6
Short Blades   | |  0.7

Action                   |  1- 3 |  4- 6 |  7- 9 | 10-12 || total
-------------------------+-------+-------+-------+-------++-------
Melee: War axe           |   125 |   112 |   139 |       ||   376
       Dagger            |       |    30 |       |       ||    30
       Dire flail        |       |       |   172 |       ||   172
       Battleaxe         |       |       |   114 |   465 ||   579
Throw: Stone             |     2 |       |       |       ||     2
 Cast: Corona            |       |       |       |     3 ||     3
Invok: Lesser Servant of |       |       |       |     2 ||     2
 Abil: Heal Wounds       |       |     3 |     7 |    15 ||    25
       Evoke Flight      |       |     1 |       |       ||     1
Evoke: Wand              |       |       |     6 |     1 ||     7
  Use: Scroll            |       |       |     4 |    21 ||    25
       Potion            |       |       |       |     2 ||     2
 Stab: Paralysed         |       |       |       |     3 ||     3
  Eat: Ration            |     1 |       |       |       ||     1
       Chunk             |       |    16 |    21 |    13 ||    50
Armor: Scale mail        |    68 |    58 |   220 |   313 ||   659
Dodge: Dodged            |    23 |    53 |   150 |   238 ||   464
Block: Shield            |    68 |    64 |    87 |       ||   219
